 Dungeon Crawl Stone Soup version 0.29.1-12-g30fa7ad0bf (webtiles) character file.

Game seed: 6206349958116592326

49 croobank the Caller (level 3, -1/23 HPs)
             Began as an Octopode Summoner on Dec 19, 2022.
             Slain by a nameless horror (7 damage)
             ... created by miscasting Call Canine Familiar
             ... on level 2 of the Dungeon.
             The game lasted 00:02:40 (1670 turns).

croobank the Caller (Octopode Summoner)             Turns: 1670, Time: 00:02:41

Health: -1/23      AC:  1    Str:  7    XL:     3   Next: 77%
Magic:  0/6        EV: 13    Int: 19    God:
Gold:   46         SH:  0    Dex: 12    Spells: 0/6 levels left

rFire   . . .      SeeInvis .   c - +0 short sword
rCold   . . .      Faith    .   (no shield)
rNeg    . . .      Spirit   .   (helmet restricted)
rPois   .          Reflect  .   (no amulet)
rElec   .          Harm     .   (no ring)
rCorr   .          Rampage  .   (no ring)
Will    .....                   (no ring)
Stlth   +++.......              (no ring)
HPRegen 0.07/turn               (no ring)
MPRegen 0.10/turn               (no ring)
                                (no ring)
                                (no ring)

@: very slightly contaminated
A: almost no armour, amphibious, 8 rings, camouflage 1, gelatinous body 1,
(nimble swimmer 1), tentacles
a: no special abilities


You were on level 2 of the Dungeon.
You visited 1 branch of the dungeon, and saw 2 of its levels.

You collected 46 gold pieces.

Inventory:

Hand Weapons
 c - a +0 short sword (weapon)
Scrolls
 b - a scroll of teleportation {unknown}
 d - a scroll of vulnerability {unknown}
 g - a scroll of immolation {unknown}
 h - a scroll of identify {unknown}
Potions
 a - a potion of magic
 e - a potion of degeneration {unknown}
 f - a potion of flight {unknown}


   Skills:
 + Level 1.0 Fighting
 + Level 2.5 Dodging
 + Level 3.5 Stealth
 + Level 2.4 Spellcasting
 + Level 4.3 Summonings


You couldn't memorise any spells.
You knew the following spells:

 Your Spells              Type           Power      Damage    Failure   Level
a - Summon Small Mammal   Summ           72%        N/A       2%          1
b - Call Imp              Summ           18%        N/A       4%          2
c - Call Canine Familiar  Summ           18%        N/A       9%          3

Your spell library contained the following spells:

 Spells                   Type           Power      Damage    Failure   Level
 Necrotise                Necr           8%         1d4       16%         1
 Summon Guardian Golem    Hex/Summ       10%        N/A       21%         3
 Poisonous Vapours        Pois/Air       4%         N/A       24%         2
 Vampiric Draining        Necr           2%         2d6       43%         3
 Summon Lightning Spire   Summ/Air       10%        N/A       54%         4
 Corpse Rot               Necr/Pois/Air  2%         N/A       85%         4
 Agony                    Necr           2%         N/A       99%         5


Dungeon Overview and Level Annotations

Branches:
Dungeon (2/15)

Altars:


Innate Abilities, Weirdness & Mutations

You cannot wear most types of armour.
You are amphibious.
You can wear up to eight rings at the same time.
Your skin changes colour to match your surroundings (Stealth+).
Your rubbery body absorbs attacks. (AC +1, EV +1)
((You are camouflaged when in or above water. (Stealth+)))
You have tentacles for arms and can constrict up to eight enemies at once.


Message History

Confirm with . or Enter, or press ? or * to list all spells.
You miscast Call Canine Familiar.
You are very lightly contaminated with residual magic.
Desperate hands claw out at you.
A nameless horror comes into view.
Casting: Call Canine Familiar (quite dangerous; 9% risk of failure)
Confirm with . or Enter, or press ? or * to list all spells.
Send 'em back where they came from!
Your hound shudders.
Casting: Call Canine Familiar (quite dangerous; 9% risk of failure)
Confirm with . or Enter, or press ? or * to list all spells.
You don't have enough magic to cast this spell.
Casting: Call Canine Familiar (quite dangerous; 9% risk of failure)
Confirm with . or Enter, or press ? or * to list all spells.
You don't know that spell.
Unknown command.
The nameless horror hits you.
You hit the nameless horror but do no damage.
You tentacle-slap the nameless horror.
The nameless horror is lightly damaged.
Your hound bites the nameless horror but does no damage. x2
Send 'em back where they came from!
Your hound shudders.
You hit the nameless horror but do no damage.
The nameless horror is lightly damaged.
Your hound bites the nameless horror but does no damage.
The nameless horror hits you.
You hit the nameless horror. You squeeze the nameless horror!
The nameless horror is severely damaged.
Your hound bites the nameless horror but does no damage.
Your hound bites the nameless horror.
The nameless horror hits you!
You hit the nameless horror but do no damage.
The nameless horror is almost destroyed.
Your hound bites the nameless horror but does no damage.
The nameless horror hits you.
* * * LOW HITPOINT WARNING * * *
Your hound bites the nameless horror.
The nameless horror attacks as you move away!
The nameless horror hits you!
You die...

#.# #.# #.# .# # ###
#.## .# #. ..# #..####
S.# ##..##.##
#.....##..###
.......<# #.###..#....
....##..###.#....X.###
................@h...+
....#...###......)####
.#......# ###.##.##
........# #.####
#####.### #.# # #.#
#.# #+# #####.# #..
#.# ......# #.# #.#
####### ... #####.####


You could see a nameless horror (ally target) and a friendly hound (summoned).

Vanquished Creatures
  2 ball pythons
  A goblin (D:2)
  A hobgoblin (D:2)
  A quokka (D:1)
  A bat (D:2)
  A frilled lizard (D:1)
  A rat (D:1)
8 creatures vanquished.

Vanquished Creatures (collateral kills)
  Jessica (D:2)
  A ball python (D:1)
  A bat (D:2)
  3 endoplasms (D:1)
  A giant cockroach (D:2)
  2 goblins
  A kobold (D:2)
  A quokka (D:1)
  A rat (D:2)
12 creatures vanquished.

Grand Total: 20 creatures vanquished

Notes
Turn   | Place    | Note
-------+----------+-------------------------------------------
     0 | D:1      | croobank the Octopode Summoner began the quest for the Orb.
     0 | D:1      | Reached XP level 1. HP: 11/11 MP: 3/3
   247 | D:1      | Found a faded altar of an unknown god.
   557 | D:1      | Reached XP level 2. HP: 17/17 MP: 1/5
   619 | D:1      | Learned a level 2 spell: Call Imp
  1362 | D:2      | Noticed Jessica
  1377 | D:2      | Killed Jessica
  1378 | D:2      | Reached skill level 1 in Fighting
  1378 | D:2      | Reached XP level 3. HP: 16/23 MP: 1/6
  1574 | D:2      | Learned a level 3 spell: Call Canine Familiar
  1663 | D:2      | Noticed a nameless horror
  1670 | D:2      | Slain by a nameless horror

Illustrated notes

Levels and vault maps discovered:
D:1:      minmay_arrival_shattered_statue, layout_loops_ring,
          ebering_ecumenical_altar_hall
D:2:      layout_loops_corners, grunt_decor_one_mirror, corner_web_ring,
          uniq_jessica

Skill      XL: |  1  2 |
---------------+-------+-----
Stealth        | 3 |  3.5
Fighting       | 1 |  1.0
Dodging        | |  2.5
Spellcasting   | |  2.4
Summonings     | |  4.3

Action                   || total
-------------------------++-------
Melee: Short sword       ||    18
       Constrict         ||     3
       Punch             ||     2
       Tentacles         ||     2
 Cast: Summon Small Mamm ||    23
       Call Imp          ||     6
       Call Canine Famil ||     1
 Stab: Sleeping          ||     2
Armor: Skin              ||     4
Dodge: Dodged            ||    11
